 Dungeon Crawl Stone Soup version 0.31-a0-819-gf6de2f5ab6 (webtiles) character file.

Game seed: 886813389194913022

303 qw the Shooter (level 6, -1/38 HPs)
             Began as a Gargoyle Hunter on Sept 23, 2023.
             Slain by a water moccasin (6 damage)
             ... on level 5 of the Dungeon.
             The game lasted 00:01:10 (2022 turns).

qw the Shooter (Gargoyle Hunter)                    Turns: 2022, Time: 00:01:10

Health: -1/38      AC: 10    Str: 19    XL:     6   Next: 38%
Magic:  6/6        EV: 16    Int:  8    God:
Gold:   176        SH:  0    Dex: 14    Spells: 5/5 levels left

rFire   . . .        Y - +0 shortbow
rCold   . . .        (shield currently unavailable)
rNeg    + . .        g - +0 ring mail
rPois   inf          (no helmet)
rElec   +            (no cloak)
rCorr   .            (no gloves)
SInv    .            a - +0 pair of boots
Will    .....        l - amulet of the acrobat
Stlth   +            d - +5 ring of evasion
HPRegen 0.26/turn    (no ring)
MPRegen 0.10/turn

%: acrobat
@: no status effects
A: sickness immunity, AC +4, negative energy resistance 1, electricity
resistance, torment resistance 1, petrification resistance, strong 1
a: no special abilities


You were on level 5 of the Dungeon.
You visited 1 branch of the dungeon, and saw 4 of its levels.

You collected 176 gold pieces.


Innate Abilities, Weirdness & Mutations

You are immune to sickness and miasma.
Your stone body is resilient. (AC +4)
You are immune to poison.
You resist negative energy. (rN+)
You are resistant to electric shocks. (rElec)
You are resistant to unholy torment.
You are immune to petrification.
Your muscles are strong. (Str +4, Int/Dex -1)


   Skills:
 - Level 4.2 Fighting
 + Level 6.4 Ranged Weapons
 - Level 1.1 Armour
 - Level 1.5 Dodging
 - Level 1.1 Stealth


You had 5 spell levels left.
You didn't know any spells.
Your spell library was empty.

Inventory:

Hand Weapons
 Y - a +0 shortbow (weapon)
Armour
 a - a +0 pair of boots (worn)
 g - a +0 ring mail (worn)
Jewellery
 d - a +5 ring of evasion (left hand)
 l - an amulet of the acrobat (around neck)
Wands
 p - a wand of digging (5)
Scrolls
 c - a scroll of immolation {unknown}
 h - a scroll of identify
 m - a scroll of amnesia {unknown}
 q - a scroll of fear {unknown}
Potions
 b - a potion of attraction {unknown}
 e - a potion of degeneration {unknown}
 f - 2 potions of heal wounds {unknown}
 i - a potion of enlightenment {unknown}
 j - a potion of curing {unknown}
 k - 2 potions of haste {unknown}
 n - a potion of mutation
 o - a potion of ambrosia {unknown}

Dungeon Overview and Level Annotations

Branches:
Dungeon (3/15)

Altars:

Shops:
D:1 :

Annotations:
D:5 1 transporter


Message History

The arrow barely misses the water moccasin.
The water moccasin barely misses you. The iguana misses you.
2016 |||
Found retreat position at 1,0 (water moccasin; floor) with 0 blocking monsters and 1 monsters attacking at destination at distance 1 You shoot an arrow.
The arrow hits the water moccasin but does no damage.
The water moccasin is heavily wounded.
The water moccasin bites you! The water moccasin barely misses you.
The iguana bites you.
2017 |||
Found retreat position at 1,0 (water moccasin; floor) with 0 blocking monsters and 1 monsters attacking at destination at distance 1 You shoot an arrow.
The arrow barely misses the water moccasin.
The water moccasin misses you. The iguana barely misses you.
The water moccasin bites you!
2018 |||
Found retreat position at 1,0 (water moccasin; floor) with 0 blocking monsters and 1 monsters attacking at destination at distance 1 You shoot an arrow.
The arrow hits the water moccasin but does no damage.
The water moccasin is heavily wounded.
The water moccasin barely misses you. The iguana closely misses you.
2019 |||
Found retreat position at 1,0 (water moccasin; floor) with 0 blocking monsters and 1 monsters attacking at destination at distance 1 You shoot an arrow.
The arrow closely misses the water moccasin.
The water moccasin closely misses you. The iguana completely misses you.
The water moccasin bites you.
2020 |||
Found retreat position at 1,0 (water moccasin; floor) with 0 blocking monsters and 1 monsters attacking at destination at distance 1 You shoot an arrow.
The arrow hits the water moccasin but does no damage.
The water moccasin is heavily wounded.
The water moccasin misses you.
The iguana bites you but does no damage.
The water moccasin misses you. The iguana closely misses you.
2021 |||
Found retreat position at 1,0 (water moccasin; floor) with 0 blocking monsters and 1 monsters attacking at destination at distance 1 You shoot an arrow.
The arrow closely misses the water moccasin.
The water moccasin bites you but does no damage.
The iguana misses you.
2022 |||
Found retreat position at 1,0 (water moccasin; floor) with 0 blocking monsters and 1 monsters attacking at destination at distance 1 You shoot an arrow.
The arrow barely misses the water moccasin.
The water moccasin barely misses you. The water moccasin bites you.
You die...

### ..# .. ..# ... ..### ...
....# #'# #...# #.# #...# #.# #
#.### ######.#####.# #.#
#....)...l@S.# #.#
###.##.#######.# #.# #.#
#.#........... ...
#.#######.#........... .####
#.#..................# .....
#.#.#####.....######.#### ####
#.#.#######...# #......####+####
#.#...........# ##.#.##.........#
#.#.....###.#.###...............+


You could see a water moccasin and an iguana.

Vanquished Creatures
  A phantom (D:5)
  A jelly (D:5)
  An iguana (D:5)
  An orc wizard (D:3)
  6 adders
  2 ufetubi (D:5)
  2 worms (D:3)
  A dart slug (D:1)
  5 orcs
  8 bats
  A giant cockroach (D:1)
  4 goblins
  4 hobgoblins
  5 quokkas
  7 ball pythons
  2 frilled lizards
  4 kobolds
  A rat (D:1)
56 creatures vanquished.

Vanquished Creatures (others)
  An orc wizard (D:3)
1 creature vanquished.

Grand Total: 57 creatures vanquished

Notes
Turn   | Place    | Note
-------+----------+-------------------------------------------
     0 | D:1      | qw the Gargoyle Hunter began the quest for the Orb.
     0 | D:1      | Reached XP level 1. HP: 12/12 MP: 1/1
     0 | D:1      | 0 ||| qw: Version: 0.3-a-83-gcd0e7d8
     0 | D:1      | 0 ||| qw: Game counter: 1641
     0 | D:1      | 0 ||| qw: Melee chars always use a shield: true
     0 | D:1      | 0 ||| qw: God list: Okawaru
     0 | D:1      | 0 ||| qw: Allow faded altars: false
     0 | D:1      | 0 ||| qw: Do Orc after clearing Dungeon:15 true
     0 | D:1      | 0 ||| qw: Do second Lair branch before Depths: true
     0 | D:1      | 0 ||| qw: Lair rune preference: random
     0 | D:1      | 0 ||| qw: Goals: Normal
     0 | D:1      | 0 ||| PLANNING D:1-11
    49 | D:1      | Found Nyikitast's Vocational Training.
    62 | D:1      | 62 ||| READING 2 scrolls labelled VISAEL JEOG.
    82 | D:1      | Reached XP level 2. HP: 17/17 MP: 2/2
   166 | D:1      | Found a faded altar of an unknown god.
   521 | D:1      | 521 ||| UPGRADING to +0 ring mail.
   531 | D:1      | 531 ||| DROPPING +0 leather armour.
   532 | D:1      | 532 ||| UPGRADING to amulet of the acrobat.
   537 | D:1      | 537 ||| UPGRADING to +5 ring of evasion.
   538 | D:1      | 538 ||| READING scroll labelled BEPARA BAHOMM.
   539 | D:1      | 539 ||| READING scroll labelled BYOCRO RESUTAH.
   540 | D:1      | 540 ||| READING scroll labelled GURRUHO VANOSS.
   550 | D:1      | 550 ||| DROPPING scroll of fog.
   551 | D:1      | 551 ||| DROPPING scroll of butterflies.
   565 | D:2      | Reached XP level 3. HP: 21/21 MP: 3/3
   572 | D:2      | Reached skill level 1 in Armour
   638 | D:2      | Identified the +0 robe "Lyhifif" {rF- rCorr Int+9 Dex-3}
   653 | D:2      | Reached skill level 5 in Ranged Weapons
   694 | D:2      | Reached XP level 4. HP: 27/27 MP: 4/4
   968 | D:2      | Reached skill level 3 in Fighting
  1182 | D:2      | 1182 ||| UPGRADING to +0 pair of boots.
  1187 | D:2      | 1187 ||| DROPPING +0 robe "Lyhifif" {rF- rCorr Int+9
                  | Dex-3}.
  1188 | D:2      | 1188 ||| READING 3 scrolls labelled UXZOMI TILUNG.
  1189 | D:2      | 1189 ||| DRINKING 2 fuming ruby potions.
  1189 | D:2      | Gained mutation: Your muscles are strong. (Str +4, Int/Dex
                  | -1) [potion of mutation]
  1190 | D:2      | 1190 ||| DROPPING 2 scrolls of blinking.
  1263 | D:3      | 1263 ||| Stepping ~*~*~tactically~*~*~ (retreating).
  1264 | D:3      | 1264 ||| Stepping ~*~*~tactically~*~*~ (retreating).
  1272 | D:3      | 1272 ||| Stepping ~*~*~tactically~*~*~ (retreating).
  1306 | D:3      | Reached XP level 5. HP: 17/32 MP: 5/5
  1503 | D:3      | You fall into a shaft and drop 2 floors!
  1503 | D:5      | Entered Level 5 of the Dungeon
  1550 | D:5      | Noticed a centaur
  1551 | D:5      | Found a transporter.
  1719 | D:5      | HP: 8/32 [iguana (8)]
  1722 | D:5      | Reached skill level 6 in Ranged Weapons
  1869 | D:5      | Noticed a phantom
  1878 | D:5      | 1878 ||| Stepping ~*~*~tactically~*~*~ (retreating).
  1879 | D:5      | 1879 ||| Stepping ~*~*~tactically~*~*~ (retreating).
  1880 | D:5      | 1880 ||| Stepping ~*~*~tactically~*~*~ (retreating).
  1881 | D:5      | 1881 ||| Stepping ~*~*~tactically~*~*~ (retreating).
  1889 | D:5      | Killed a phantom
  1890 | D:5      | Reached XP level 6. HP: 30/38 MP: 6/6
  2002 | D:5      | Noticed a water moccasin
  2017 | D:5      | HP: 5/38 [water moccasin (8)]
  2022 | D:5      | Slain by a water moccasin

Levels and vault maps discovered:
D:1:      wheals_arrival_shading, layout_rooms, ebering_ecumenical_altar_hall,
          minmay_misc_feat_pillars, minmay_misc_feat_nine_boxes,
          nicolae_shop_vocational
D:2:      layout_basic
D:3:      layout_rooms, old_standard_altar, serial_shops,
          nicolae_shop_advertising_works [nicolae_subvault_shop_adworks],
          uniq_sigmund
D:5:      layout_basic, pdpol_temple_overflow_zin_treasury_gozag_greed,
          gammafunk_ghost_arena, pf_guarded_unrand_woodcutter

Skill      XL: |  1  2  3  4  5 |
---------------+----------------+-----
Armour         | 1 |  1.1
Ranged Weapons | 5 6 |  6.4
Fighting       | 3 4 |  4.2
Dodging        | |  1.5
Stealth        | |  1.1

Action                     |  1- 3 |  4- 6 || total
---------------------------+-------+-------++-------
   Fire: Shortbow          |   117 |   185 ||   302
    Use: Scroll            |     4 |     1 ||     5
         Potion            |       |     1 ||     1
 Armour: Leather armour    |    24 |       ||    24
         Ring mail         |    16 |    90 ||   106
  Dodge: Dodged            |    43 |   153 ||   196

Table legend:
 A = Non-vault XP
 B = Vault XP
 C = Vault XP percentage of total XP
 D = Non-vault monster count
 E = Vault monster count
 F = Vault count percentage of total count
                 A         B        C        D         E       F
            +---------+---------+-------+---------+---------+-------
      Total |     434 |       0 |   0.0 |      57 |       0 |   0.0
            +---------+---------+-------+---------+---------+-------
        D:1 |      33 |       0 |   0.0 |      18 |       0 |   0.0
        D:2 |      92 |       0 |   0.0 |      21 |       0 |   0.0
        D:3 |      76 |       0 |   0.0 |      11 |       0 |   0.0
        D:5 |     233 |       0 |   0.0 |       7 |       0 |   0.0
            +---------+---------+-------+---------+---------+-------
